MWL
QUINCY CUBS @ WATERLOO HAWKS
06/18/1982
 
TOP OF THE 1ST
Quincy Cubs batting - Pitching for Waterloo Hawks : RHP John Franks
Pitching: RHP John Franks
Batting: RHB Alex Juarez 0-0: Called Strike
0-1: Fly out, F9 (Flyball, 89S, EV 85.0 MPH)
Batting: RHB Jack Ayer 0-0: Called Strike
0-1: Called Strike
0-2: Ball
1-2: Ball
2-2: Ball
3-2: Ground out 3-1 (Groundball, 34, EV 107.5 MPH)
Batting: SHB Willie Perez 0-0: Ball
1-0: Foul Ball, location: 2F
1-1: Swinging Strike
1-2: SINGLE (Flyball, 78S, EV 93.1 MPH)
Batting: RHB Wes Clements 0-0: Ball
1-0: DOUBLE (Flyball, 89XD, EV 108.1 MPH)
Willie Perez to third
Runner from 3rd tries for Home, SAFE, throw by RF to trailing runner, SAFE at third!
Batting: RHB Nerio Guerrero 0-0: Called Strike
0-1: Foul Ball, location: 2F
0-2: Foul Ball, location: 2F
0-2: Ball
1-2: Foul Ball, location: 2F
1-2: Fly out, F6 (Flyball, 56D, EV 88.8 MPH)
Top of the 1st over - 1 run, 2 hits, 0 errors, 1 left on base; Quincy 1 - Waterloo 0
BOTTOM OF THE 1ST
Waterloo Hawks batting - Pitching for Quincy Cubs : RHP Danny Vigil
Pitching: RHP Danny Vigil
Batting: RHB Edward Irvine 0-0: Called Strike
0-1: Foul Ball, location: 2F
0-2: Fly out, F5 (Popup, 25F, EV 78.8 MPH)
Batting: RHB Jay Loviglio 0-0: Called Strike
0-1: Fly out, F9 (Flyball, 9LS, EV 88.1 MPH)
Batting: RHB Tony Evans 0-0: Ball
1-0: Ball
2-0: Ball
3-0: Called Strike
3-1: Fly out, F8 (Flyball, 8LM, EV 78.8 MPH)
Bottom of the 1st over - 0 runs, 0 hits, 0 errors, 0 left on base; Quincy 1 - Waterloo 0
TOP OF THE 2ND
Quincy Cubs batting - Pitching for Waterloo Hawks : RHP John Franks
Batting: RHB Billy Best 0-0: Ball
1-0: Ball
2-0: Ball
3-0: Called Strike
3-1: Base on Balls
Batting: RHB Jerry Fry 0-0: Called Strike
0-1: Fly out, F7 (Flyball, 7S, EV 92.5 MPH)
Batting: LHB Dennis Mork 0-0: Called Strike
0-1: Swinging Strike
0-2: Ball
1-2: Foul Ball, location: 2F
1-2: Strikes out swinging
Batting: RHB Garry Keeton 0-0: Ball
1-0: Foul Ball, location: 2F
1-1: Called Strike
1-2: Ball
2-2: Ball
3-2: SINGLE (Groundball, 56D, EV 105.6 MPH)
Billy Best to second
Billy Best to third
Batting: RHB Alex Juarez 0-0: Ball
1-0: Called Strike
1-1: Called Strike
1-2: Strikes out swinging
Top of the 2nd over - 0 runs, 1 hit, 0 errors, 2 left on base; Quincy 1 - Waterloo 0
BOTTOM OF THE 2ND
Waterloo Hawks batting - Pitching for Quincy Cubs : RHP Danny Vigil
Batting: RHB Carmelo Aguayo 0-0: Foul Ball, location: 2F
0-1: SINGLE (Groundball, 56D, EV 96.9 MPH)
Batting: LHB Burk Goldthorn 0-0: Ball
1-0: Foul Ball, location: 2F
1-1: Called Strike
1-2: Foul Ball, location: 2F
1-2: Ball
2-2: Ball
3-2: Grounds into double play, 6-4-3 (Groundball, 6, EV 87.5 MPH)
Batting: RHB Michael Williams 0-0: Fly out, F7 (Flyball, 78XD, EV 94.4 MPH)
Bottom of the 2nd over - 0 runs, 1 hit, 0 errors, 0 left on base; Quincy 1 - Waterloo 0
TOP OF THE 3RD
Quincy Cubs batting - Pitching for Waterloo Hawks : RHP John Franks
Batting: RHB Jack Ayer 0-0: Ball
1-0: Reached on error, E6 (Groundball, 6, EV 101.9 MPH)
Batting: SHB Willie Perez 0-0: Ball
1-0: Ball
2-0: Ball
3-0: Called Strike
3-1: Base on Balls
Batting: RHB Wes Clements 0-0: SINGLE (Line Drive, 6MD, EV 98.1 MPH)
Jack Ayer to third
Willie Perez to second
Runner from 3rd tries for Home, SAFE, throw by CF to home
Batting: RHB Nerio Guerrero 0-0: Called Strike
0-1: Swinging Strike
0-2: Foul Ball, location: 2F
0-2: Ball
1-2: Ball
2-2: Foul Ball, location: 2F
2-2: Ball
3-2: Fly out, F8 (Line Drive, 8RM, EV 94.4 MPH)
Batting: RHB Billy Best 0-0: Fly out, F9 (Flyball, 9S, EV 81.9 MPH)
Batting: RHB Jerry Fry 0-0: Ball
1-0: Ball
2-0: Called Strike
2-1: Called Strike
2-2: Reached on error, E3 (Groundball, 34S, EV 76.9 MPH)
Willie Perez to third
Wes Clements to second
Batting: LHB Dennis Mork 0-0: Ball
1-0: Swinging Strike
1-1: Ball
2-1: Foul Ball, location: 2F
2-2: Strikes out swinging
Top of the 3rd over - 1 run, 1 hit, 2 errors, 3 left on base; Quincy 2 - Waterloo 0
BOTTOM OF THE 3RD
Waterloo Hawks batting - Pitching for Quincy Cubs : RHP Danny Vigil
Batting: RHB Kean Rich 0-0: Swinging Strike
0-1: Foul Ball, location: 2F
0-2: Ball
1-2: Foul Ball, location: 2F
1-2: Ball
2-2: Foul Ball, location: 2F
2-2: Fly out, F9 (Flyball, 89D, EV 86.9 MPH)
Batting: RHB David Cusack 0-0: Ball
1-0: Ball
2-0: Foul Ball, location: 2F
2-1: Ground out 6-3 (Groundball, 6, EV 81.3 MPH)
Batting: LHB Dave Miley 0-0: Called Strike
0-1: Ball
1-1: Swinging Strike
1-2: Fly out, F7 (Flyball, 7LM, EV 94.4 MPH)
Bottom of the 3rd over - 0 runs, 0 hits, 0 errors, 0 left on base; Quincy 2 - Waterloo 0
TOP OF THE 4TH
Quincy Cubs batting - Pitching for Waterloo Hawks : RHP John Franks
Batting: RHB Garry Keeton 0-0: Ball
1-0: Ball
2-0: Called Strike
2-1: SINGLE (Flyball, 9LS, EV 90.6 MPH)
Batting: RHB Alex Juarez 0-0: Fly out, F7 (Flyball, 78D, EV 99.4 MPH)
Batting: RHB Jack Ayer 0-0: Ball
1-0: 2-RUN HOME RUN (Flyball, 7LD, EV 108.8 MPH), Distance : 360 ft
Batting: SHB Willie Perez 0-0: Fly out, F9 (Line Drive, 9, EV 100.0 MPH)
Batting: RHB Wes Clements 0-0: Called Strike
0-1: Ball
1-1: Ball
2-1: Ball
3-1: Swinging Strike
3-2: Base on Balls
Batting: RHB Nerio Guerrero 0-0: Ball
1-0: Called Strike
1-1: Ball
2-1: Called Strike
2-2: Ball
3-2: Foul Ball, location: 2F
3-2: Fly out, F3 (Popup, 3F, EV 59.4 MPH)
Top of the 4th over - 2 runs, 2 hits, 0 errors, 1 left on base; Quincy 4 - Waterloo 0
BOTTOM OF THE 4TH
Waterloo Hawks batting - Pitching for Quincy Cubs : RHP Danny Vigil
Batting: RHB Edward Irvine 0-0: Called Strike
0-1: DOUBLE (Flyball, 89D, EV 92.5 MPH)
Batting: RHB Jay Loviglio 0-0: Ball
Edward Irvine steals 3rd base
1-0: Ball
2-0: Ball
3-0: Base on Balls
Batting: RHB Tony Evans 0-0: Called Strike
Jay Loviglio steals 2nd base
0-1: Ball
1-1: Swinging Strike
1-2: Strikes out swinging
Batting: RHB Carmelo Aguayo 0-0: Ball
1-0: Called Strike
1-1: Ball
2-1: Ball
3-1: Foul Ball, location: 2F
3-2: Foul Ball, location: 2F
3-2: Base on Balls
Batting: LHB Burk Goldthorn 0-0: Ball
1-0: Ball
2-0: Ball
3-0: Foul Ball, location: 2F
3-1: Base on Balls
Edward Irvine scores
Jay Loviglio to third
Carmelo Aguayo to second
Batting: RHB Michael Williams 0-0: Ball
1-0: Foul Ball, location: 2F
1-1: Foul Ball, location: 2F
1-2: Ball
2-2: Strikes out looking
Batting: RHB Kean Rich 0-0: Ball
1-0: Ball
2-0: Called Strike
2-1: Swinging Strike
2-2: Foul Ball, location: 2F
2-2: Ground out 1-3 (Groundball, 34S, EV 72.5 MPH)
Bottom of the 4th over - 1 run, 1 hit, 0 errors, 3 left on base; Quincy 4 - Waterloo 1
TOP OF THE 5TH
Quincy Cubs batting - Pitching for Waterloo Hawks : RHP John Franks
Batting: RHB Billy Best 0-0: Ball
1-0: Ball
2-0: Called Strike
2-1: Foul Ball, location: 2F
2-2: Ground out 5-3 (Groundball, 5S, EV 70.6 MPH)
Batting: RHB Jerry Fry 0-0: Called Strike
0-1: Foul Ball, location: 2F
0-2: Ball
1-2: Strikes out swinging
Batting: LHB Dennis Mork 0-0: Called Strike
0-1: Ground out 6-3 (Groundball, 56, EV 100.0 MPH)
Top of the 5th over - 0 runs, 0 hits, 0 errors, 0 left on base; Quincy 4 - Waterloo 1
BOTTOM OF THE 5TH
Waterloo Hawks batting - Pitching for Quincy Cubs : RHP Danny Vigil
Batting: RHB David Cusack 0-0: Called Strike
0-1: Ball
1-1: Ball
2-1: Fly out, F9 (Flyball, 9S, EV 86.9 MPH)
Batting: LHB Dave Miley 0-0: Called Strike
0-1: SINGLE (Groundball, 6M, EV 100.0 MPH)
Batting: RHB Edward Irvine 0-0: Ball
1-0: Called Strike
1-1: Ball
2-1: Foul Ball, location: 2F
2-2: Foul Ball, location: 2F
2-2: Fielders Choice at 2nd, 6-4 (Groundball, 6, EV 84.4 MPH)
Batting: RHB Jay Loviglio 0-0: Ball
1-0: Swinging Strike
1-1: Ball
Edward Irvine is caught stealing 2nd base 2-4
Bottom of the 5th over - 0 runs, 1 hit, 0 errors, 0 left on base; Quincy 4 - Waterloo 1
TOP OF THE 6TH
Quincy Cubs batting - Pitching for Waterloo Hawks : RHP John Franks
Batting: RHB Garry Keeton 0-0: Ball
1-0: Ball
2-0: Ball
3-0: Called Strike
3-1: Fly out, F3 (Popup, 3F, EV 83.1 MPH)
Batting: RHB Alex Juarez 0-0: Ball
1-0: Swinging Strike
1-1: Ball
2-1: SINGLE (Groundball, 56D, EV 103.1 MPH)
Batting: RHB Jack Ayer 0-0: Called Strike
0-1: Ball
1-1: Ball
2-1: Fly out, F4 (Flyball, 34D, EV 88.8 MPH)
Batting: SHB Willie Perez 0-0: Ball
1-0: Ground out 4-3 (Groundball, 4D, EV 104.4 MPH)
Top of the 6th over - 0 runs, 1 hit, 0 errors, 1 left on base; Quincy 4 - Waterloo 1
BOTTOM OF THE 6TH
Waterloo Hawks batting - Pitching for Quincy Cubs : RHP Danny Vigil
Batting: RHB Jay Loviglio 0-0: Foul Ball, location: 2F
0-1: Ball
1-1: Swinging Strike
1-2: Foul Ball, location: 2F
1-2: Foul Ball, location: 2F
1-2: Ball
2-2: Strikes out swinging
Batting: RHB Tony Evans 0-0: Ball
1-0: Ball
2-0: Ball
3-0: Called Strike
3-1: Foul Ball, location: 2F
3-2: Base on Balls
Batting: RHB Carmelo Aguayo 0-0: Ball
1-0: Fielders Choice at 2nd, 6-4 (Groundball, 6, EV 87.5 MPH)
Batting: LHB Burk Goldthorn 0-0: Called Strike
0-1: Called Strike
0-2: Hit by Pitch
Carmelo Aguayo to second
Batting: RHB Michael Williams 0-0: Ball
1-0: Swinging Strike
1-1: Fly out, F7 (Flyball, 7LS, EV 83.8 MPH)
Bottom of the 6th over - 0 runs, 0 hits, 0 errors, 2 left on base; Quincy 4 - Waterloo 1
TOP OF THE 7TH
Quincy Cubs batting - Pitching for Waterloo Hawks : RHP John Franks
Batting: RHB Wes Clements 0-0: Ball
1-0: Foul Ball, location: 2F
1-1: Foul Ball, location: 2F
1-2: Ball
2-2: Ball
3-2: Foul Ball, location: 2F
3-2: Fly out, F3 (Popup, 3SF, EV 72.5 MPH)
Batting: RHB Nerio Guerrero 0-0: Called Strike
0-1: Ball
1-1: Ball
2-1: Ball
3-1: Fly out, F7 (Flyball, 7D, EV 93.1 MPH)
Batting: RHB Billy Best 0-0: Foul Ball, location: 2F
0-1: Called Strike
0-2: Ball
1-2: Ball
2-2: Strikes out swinging
Top of the 7th over - 0 runs, 0 hits, 0 errors, 0 left on base; Quincy 4 - Waterloo 1
BOTTOM OF THE 7TH
Waterloo Hawks batting - Pitching for Quincy Cubs : RHP Danny Vigil
Batting: RHB Kean Rich 0-0: Swinging Strike
0-1: Ball
1-1: Ball
2-1: Swinging Strike
2-2: SINGLE (Groundball, 34D, EV 106.9 MPH)
Batting: RHB David Cusack 0-0: Ball
1-0: Ball
2-0: Swinging Strike
2-1: Ball
3-1: Fly out, F4 (Flyball, 4MD, EV 81.9 MPH)
Batting: RHB Mark Sheehy 0-0: Foul Ball, location: 2F
0-1: Ball
Kean Rich steals 2nd base
1-1: Ball
2-1: Fly out, F7 (Flyball, 7S, EV 91.3 MPH)
Batting: RHB Edward Irvine 0-0: Foul Ball, location: 2F
0-1: Fly out, F7 (Flyball, 78M, EV 81.9 MPH)
Bottom of the 7th over - 0 runs, 1 hit, 0 errors, 1 left on base; Quincy 4 - Waterloo 1
TOP OF THE 8TH
Quincy Cubs batting - Pitching for Waterloo Hawks : RHP John Franks
Batting: RHB Jerry Fry 0-0: Ground out U3 (Groundball, 34, EV 105.0 MPH)
Batting: LHB Dennis Mork 0-0: Foul Ball, location: 2F
0-1: Swinging Strike
0-2: Strikes out swinging
Batting: RHB Garry Keeton 0-0: Swinging Strike
0-1: Ball
1-1: SINGLE (Groundball, 6M, EV 98.1 MPH) (infield hit)
Batting: RHB Alex Juarez 0-0: Ball
1-0: Called Strike
1-1: Foul Ball, location: 2F
1-2: Foul Ball, location: 2F
1-2: Foul Ball, location: 2F
1-2: DOUBLE (Line Drive, 89D, EV 105.6 MPH)
Garry Keeton to third
Runner from 3rd tries for Home, SAFE, throw by CF to home
Batting: RHB Jack Ayer 0-0: SINGLE (Groundball, 34S, EV 91.3 MPH) (infield hit)
Alex Juarez to third
Batting: SHB Willie Perez 0-0: Ball
1-0: Swinging Strike
1-1: Foul Ball, location: 2F
1-2: Ball
2-2: Strikes out swinging
Top of the 8th over - 1 run, 3 hits, 0 errors, 2 left on base; Quincy 5 - Waterloo 1
BOTTOM OF THE 8TH
Waterloo Hawks batting - Pitching for Quincy Cubs : RHP Danny Vigil
Batting: RHB Jay Loviglio 0-0: Ball
1-0: Ball
2-0: Foul Ball, location: 2F
2-1: Ball
3-1: Foul Ball, location: 2F
3-2: Fly out, F8 (Flyball, 78XD, EV 95.0 MPH)
Batting: RHB Tony Evans 0-0: Ball
1-0: Ball
2-0: Ball
3-0: Base on Balls
Batting: RHB Carmelo Aguayo 0-0: Ball
1-0: Fly out, F7 (Flyball, 7D, EV 95.6 MPH)
Batting: LHB Burk Goldthorn 0-0: Foul Ball, location: 2F
0-1: Ball
1-1: Ball
2-1: Ball
3-1: Ground out 4-3 (Groundball, 34D, EV 88.1 MPH)
Bottom of the 8th over - 0 runs, 0 hits, 0 errors, 1 left on base; Quincy 5 - Waterloo 1
TOP OF THE 9TH
Quincy Cubs batting - Pitching for Waterloo Hawks : RHP John Franks
Batting: RHB Wes Clements 0-0: Fly out, F2 (Popup, 5SF, EV 87.5 MPH)
Batting: RHB Nerio Guerrero 0-0: Ball
1-0: Swinging Strike
1-1: Fly out, F9 (Flyball, 9LM, EV 87.5 MPH)
Batting: RHB Billy Best 0-0: Ball
1-0: Fly out, F8 (Flyball, 8LS, EV 80.6 MPH)
Top of the 9th over - 0 runs, 0 hits, 0 errors, 0 left on base; Quincy 5 - Waterloo 1
BOTTOM OF THE 9TH
Waterloo Hawks batting - Pitching for Quincy Cubs : RHP Danny Vigil
Batting: RHB Michael Williams 0-0: Called Strike
0-1: Foul Ball, location: 2F
0-2: Ground out 5-3 (Groundball, 56S, EV 78.8 MPH)
Batting: RHB Kean Rich 0-0: Ball
1-0: Ball
2-0: Ball
3-0: Base on Balls
Batting: RHB David Cusack 0-0: Fielders Choice at 2nd, 2-4 (Groundball, 2L, EV 67.5 MPH)
Batting: RHB Mark Sheehy 0-0: Foul Ball, location: 2F
0-1: Ball
1-1: Ball
2-1: Called Strike
2-2: Foul Ball, location: 2F
2-2: SINGLE (Groundball, 34S, EV 78.1 MPH) (infield hit)
David Cusack to second
Pitching: RHP Philip Teston
Batting: RHB Edward Irvine 0-0: Ball
1-0: Fly out, F9 (Flyball, 89D, EV 110.6 MPH)
Bottom of the 9th over - 0 runs, 1 hit, 0 errors, 2 left on base; Quincy 5 - Waterloo 1
Friday, August 7th, 2020 - OOTP Baseball 21.5 Build 76